 Dungeon Crawl Stone Soup version 0.14-a0-2091-gca92d1a (webtiles) character file.

186 Honkfish the Ducker (level 4, 0/28 HPs)
             Began as a Tengu Monk on Jan 25, 2014.
             Was a Believer of Dithmengos.
             Slain by a gnoll
             ... wielding a +2,+2 flail
              (2 damage)
             ... on Level 3 of the Dungeon.
             The game lasted 00:03:53 (2503 turns).

Honkfish the Ducker (Tengu Monk)                    Turns: 2503, Time: 00:03:53

HP   0/28        AC  2     Str 12      XL: 4   Next: 92%
MP   5/5         EV 19     Int 10      God: Dithmengos [**....]
Gold 75          SH  0     Dex 17      Spells:  0 memorised,  3 levels left

rFire  . . .     SeeInvis .       - Unarmed
rCold  . . .     Clarity  .     a - +0 robe
rNeg   . . .     Conserve .     (no shield)
rPois  .         rCorr    .     (helmet restricted)
rElec  .         rRot     .     (no cloak)
SustAb . .       Spirit   .     (no gloves)
rMut   .         Warding  .     (boots unavailable)
Saprov . . .     Stasis   .     (no amulet)
MR     .....                    (no ring)
                                j - +3 ring of evasion

@: wreathed by umbra, not resistant to hostile enchantments, very stealthy
A: beak, talons 3
a: Shadow Step, Renounce Religion


You were on level 3 of the Dungeon.
You worshipped Dithmengos.
Dithmengos was pleased with you.
You were not hungry.

You visited 1 branch of the dungeon, and saw 3 of its levels.

You collected 75 gold pieces.

Inventory:

Armour
 a - a +0 robe (worn)
Magical devices
 i - a wand of slowing (15)
Comestibles
 b - a bread ration
 c - a meat ration
 g - 2 chokos
Scrolls
 d - 4 scrolls of identify
 k - a scroll of teleportation
 l - a scroll of recharging {unknown}
Jewellery
 j - a +3 ring of evasion (left hand)
Potions
 e - 5 potions of curing
 f - a potion of magic
 h - a potion of agility


   Skills:
 + Level 3.6 Fighting
 * Level 5.5 Dodging
 - Level 2.0 Stealth
 - Level 4.3 Unarmed Combat


You had 3 spell levels left.
You didn't know any spells.

Dungeon Overview and Level Annotations

Branches:
Dungeon (3/16)

Altars:
Cheibriados
Dithmengos
Vehumet

Annotations:
D:3 Honkfish's ghost, average TeMo


Innate Abilities, Weirdness & Mutations

You have a beak for a mouth.
You have claws for feet.


Message History

You hit the gnoll but do no damage. The gnoll hits you with a flail.
You hit the gnoll. Your peck misses the gnoll.
The gnoll is lightly wounded.
The gnoll misses you.
You hit the gnoll.
The gnoll is moderately wounded.
You barely miss the gnoll.
The gnoll is moderately wounded.
The gnoll barely misses you.
You closely miss the gnoll. You claw the gnoll, but do no damage.
The gnoll is moderately wounded.
The gnoll misses you.
You barely miss the gnoll. Your peck misses the gnoll.
The gnoll is moderately wounded.
The gnoll hits you with a flail!
* * * LOW HITPOINT WARNING * * *
You hit the gnoll but do no damage. You claw the gnoll!
The gnoll is almost dead.
The gnoll hits you with a flail.
You die...

..............##..
..).<.........##.#
..%...........##.# #
.....%........##%##..#
..............##.##..#.#.
...........................
..........)...##.##..###..#
.............###g##..# ..#
...#.#.####### #@##..# ..#
........ #.##..# ..# #
p.#.# #.##..###..#.###
#.##_............
#)#..?...........
########)#..####..##g...
..................>..
.........#..####..###.#
#####....#..# ..#


You could see a gnoll.

Vanquished Creatures
  4 gnolls
  3 adders (D:2)
  An ooze (D:2)
  An orc (D:3)
  5 goblins
  7 hobgoblins
  5 jackals
  5 kobolds
  A quokka (D:2)
  A ball python (D:1)
  3 bats
  6 giant cockroaches
  2 giant newts
  7 rats
51 creatures vanquished.

Notes
Turn   | Place    | Note
--------------------------------------------------------------
     0 | D:1      | Honkfish, the Tengu Monk, began the quest for the Orb.
     0 | D:1      | Reached XP level 1. HP: 14/14 MP: 1/1
   212 | D:1      | Reached XP level 2. HP: 13/19 MP: 3/3
  1031 | D:2      | Reached XP level 3. HP: 18/23 MP: 4/4
  1137 | D:2      | Found a radiant altar of Vehumet.
  1426 | D:2      | Found a snail-covered altar of Cheibriados.
  1441 | D:2      | Reached XP level 4. HP: 17/28 MP: 5/5
  1779 | D:2      | Reached skill level 5 in Dodging
  2257 | D:3      | Noticed Honkfish's ghost (average TeMo)
  2343 | D:3      | Found a shadowy altar of Dithmengos.
  2359 | D:3      | Became a worshipper of Dithmengos
  2359 | D:3      | Acquired Dithmengos' first power
  2503 | D:3      | Slain by a gnoll

Action                   |  1- 3 |  4- 6 || total
-------------------------+-------+-------++-------
Melee: Unarmed           |    67 |    61 ||   128
  Use: Potion            |     3 |     1 ||     4
       Scroll            |     2 |     5 ||     7
 Stab: Sleeping          |     1 |     4 ||     5
